 Dungeon Crawl Stone Soup version 0.27-a0-1188-g73eefd5def (webtiles) character file.

Game seed: 9395741915547066633

593 flyleaff the Covered (level 7, -5/44 HPs)
             Began as a Gargoyle Fighter on May 21, 2021.
             Was a Priest of Cheibriados.
             Slain by an ogre
             ... wielding a +4 great mace
              (23 damage)
             ... on level 5 of the Dungeon.
             The game lasted 00:12:40 (5440 turns).

flyleaff the Covered (Gargoyle Fighter)             Turns: 5440, Time: 00:12:41

Health: -5/44      AC: 16    Str: 25 (27) XL:     7   Next: 39%
Magic:  4/7        EV:  8    Int: 15      God:    Cheibriados [***...]
Gold:   199        SH: 11    Dex: 15      Spells: 6/6 levels left

rFire    . . .     SeeInvis .   i - +6 quick blade
rCold    . . .     Faith    .   c - +0 kite shield
rNeg     + + .     Spirit   .   f - +4 scale mail {rN+}
rPois    ∞         Reflect  .   (no helmet)
rElec    +         Harm     .   (no cloak)
rCorr    +         Rampage  .   (no gloves)
Will     .....                  (no boots)
Stlth    ..........             (no amulet)
HPRegen  0.14/turn              n - ring of resist corrosion
MPRegen  0.10/turn              (no ring)

@: very slow
A: sickness immunity, AC +4, negative energy resistance 1, electricity
resistance, torment resistance 1, petrification resistance
a: Renounce Religion, Bend Time, Temporal Distortion


You were on level 5 of the Dungeon.
You worshipped Cheibriados.
Cheibriados was most pleased with you.
You visited 1 branch of the dungeon, and saw 5 of its levels.

You collected 199 gold pieces.

Inventory:

Hand Weapons
 a - a +0 flail
 i - a +6 quick blade (weapon)
Missiles
 d - 6 javelins
 e - 2 boomerangs
 k - 17 poisoned darts (quivered)
Armour
 b - a +0 scale mail
 c - a +0 kite shield (worn)
 f - a +4 scale mail of positive energy (worn)
Jewellery
 n - a ring of resist corrosion (left hand)
Scrolls
 h - 2 scrolls of immolation
 m - a scroll of enchant armour
Potions
 o - 2 potions of degeneration


   Skills:
 - Level 5.2 Fighting
 + Level 1.4 Short Blades
 - Level 4.2 Maces & Flails
 - Level 5.3 Armour
 - Level 5.0 Shields


You had 6 spell levels left.
You didn't know any spells.
Your spell library contained the following spells:

 Spells                   Type           Power      Damage    Failure   Level
 Beastly Appendage        Tmut           0%         N/A       91%         1
 Wereblood                Tmut           0%         N/A       97%         2
 Spider Form              Tmut/Pois      0%         N/A       100%        3
 Ice Form                 Ice/Tmut       0%         N/A       100%        4
 Hydra Form               Tmut           0%         N/A       100%        5


Dungeon Overview and Level Annotations

Branches:
Dungeon (5/15)             Temple (0/1) D:5

Altars:
Cheibriados
Yredelemnul

Shops:
D:1 (   D:4 [

Annotations:
D:5 1 transporter, mhtbhm's ghost, novice DEFE


Innate Abilities, Weirdness & Mutations

You are immune to sickness and miasma.
Your stone body is resilient. (AC +4)
You are immune to poison.
You resist negative energy. (rN+)
You are resistant to electric shocks. (rElec)
You are resistant to unholy torment.
You are immune to petrification.


Message History

Your +2 scale mail of positive energy glows green for a moment.
As you read the scroll labelled WAETWI DALAEMIUSE, it crumbles to dust.
The air around you briefly surges with heat, but it dissipates.
It was a scroll of immolation.
You start waiting.
Your surroundings suddenly seem different.
You see here 18 sling bullets.
You feel your willpower return.
You see here a +0 ring mail.
Mhtbhm's ghost turns its malevolent gaze towards you.
The ogre shouts! x2
Mhtbhm's ghost whispers, "The ORB doesn't exist."
There is a transporter here.
You enter the transporter and appear at another place.
Okay, then.
As you read the scroll of enchant armour, it crumbles to dust.
Your +3 scale mail of positive energy glows green for a moment.
You fail to use your ability.
The ogre barely misses you.
You fail to use your ability.
The flow of time bends around you.
Mhtbhm's ghost resists with some effort.
The ogre resists with some effort.
The ogre barely misses you.
Mhtbhm's ghost sprays you with burning goo.
The sticky flame hits you but does no damage.
You are covered in liquid flames!
You fail to use your ability.
You are covered in liquid flames!
Mhtbhm's ghost laughs crazily.
You block mhtbhm's ghost's attack. The ogre barely misses you.
You are covered in liquid flames!
You are no longer on fire.
The ogre hits you with a +4 great mace!!
* * * LOW HITPOINT WARNING * * *
The ogre barely misses you. The ogre hits you but does no damage.
Mhtbhm's ghost hits you but does no damage.
You feel much better. You block the ogre's attack. Mhtbhm's ghost hits you.
The ogre hits you with a +4 great mace!
The ogre hits you with a +4 great mace!!
Ouch! That really hurt!
You die...

#####.# ######...###### #. # #[#
#.....©.©.....# #. #.#
############### #. #.#
##©....$$....## ## #.#
#..##...##..# ### #.#
#.#..#.#..#.######### ..###.#####
#.#..#.#..#.#.......#
..........###..##O.!##..#....##.#
#.##........#...@WO.....#........
#.#.....#.###############.....#.#
#.##...##.###.# #.#.......#
#.....##..##..# #.###.#.###
#.###.#.).....# #.##....#
#.###.#.8.8.8.## #.##....#
#........⌠.⌠...# #.##....#
........8.>.8..## #.###.#.#
###......⌠.⌠....# #.###.#.#


You could see 2 ogres and mhtbhm's ghost.

Vanquished Creatures
  A water moccasin (D:5)
  A necrophage (D:5)
  A phantom (D:5)
  The ghost of robertstho the Skirmisher, a weakling MiBe of Trog (D:4)
  A hound (D:2)
  An iguana (D:4)
  An orc wizard (D:5)
  2 hound skeletons (D:4)
  2 howler monkey zombies (D:5)
  5 adders
  2 white imps (D:5)
  An ufetubus (D:4)
  A worm (D:2)
  4 dart slugs
  5 orcs (D:5)
  6 ball pythons
  4 endoplasms
  3 giant cockroaches
  8 goblins
  5 hobgoblins
  11 jackals
  5 quokkas
  8 bats
  3 kobolds
  5 rats
87 creatures vanquished.

Notes
Turn   | Place    | Note
-------+----------+-------------------------------------------
     0 | D:1      | flyleaff the Gargoyle Fighter began the quest for the Orb.
     0 | D:1      | Reached XP level 1. HP: 14/14 MP: 1/1
    24 | D:1      | Found a faded altar of an unknown god.
   206 | D:1      | Reached XP level 2. HP: 19/19 MP: 2/2
   294 | D:1      | Found Nouduz's Antique Weapon Boutique.
   637 | D:1      | Reached XP level 3. HP: 23/23 MP: 3/3
  1218 | D:1      | Became a worshipper of Cheibriados the Contemplative
  1218 | D:1      | Reached * piety under Cheibriados
  1710 | D:2      | Reached XP level 4. HP: 24/29 MP: 4/4
  2726 | D:3      | Reached ** piety under Cheibriados
  2781 | D:3      | Reached XP level 5. HP: 33/33 MP: 5/5
  3083 | D:4      | Found a basalt altar of Yredelemnul.
  3552 | D:4      | Found Yfuce's Antique Armour Shoppe.
  3628 | D:4      | Found a runed translucent door.
  3629 | D:4      | Noticed robertstho's ghost (weakling MiBe)
  3646 | D:4      | Killed robertstho's ghost
  3647 | D:4      | Reached XP level 6. HP: 22/39 MP: 6/6
  4000 | D:5      | Entered Level 5 of the Dungeon
  4404 | D:5      | HP: 2/40 [something (3)]
  4411 | D:5      | HP: 3/60 [orc wizard/+0 dagger (3)]
  4417 | D:5      | Reached skill level 5 in Armour
  4775 | D:5      | Identified a scroll of acquirement
  4775 | D:5      | Acquired a +5 quick blade
  4780 | D:5      | Found a transporter.
  4783 | D:5      | Noticed mhtbhm's ghost (novice DEFE)
  4786 | D:5      | Found a transporter.
  4815 | D:5      | Found a staircase to the Ecumenical Temple.
  4816 | D:5      | Noticed a necrophage
  4826 | D:5      | Killed a necrophage
  4827 | D:5      | Reached skill level 5 in Fighting
  4827 | D:5      | Reached skill level 1 in Short Blades
  4827 | D:5      | Reached skill level 5 in Shields
  4827 | D:5      | Reached XP level 7. HP: 34/44 MP: 7/7
  4827 | D:5      | Reached *** piety under Cheibriados
  5440 | D:5      | Slain by an ogre

Illustrated notes

Levels and vault maps discovered:
D:1:      dpeg_arrival_windows_large_door, layout_basic,
          shapermc_ecumenical_altar_venn, serial_shops, shop
D:2:      layout_loops_corners
D:3:      layout_loops_corners
D:4:      layout_basic, old_standard_altar, serial_shops,
          nicolae_shop_statue_plus, serial_glass, glass_columns_c,
          glass_columns_b, gammafunk_ghost_grave, hangedman_abyss_or_decor_stabs
D:5:      layout_loops_corners, minmay_temple_entry_statues_fountains,
          gammafunk_ghost_smash, nrook_mini_backslash

Skill      XL: |  1  2  3  4  5  6 |
---------------+-------------------+-----
Armour         | 4 5 |  5.3
Shields        | 4 5 |  5.0
Fighting       | 4 5 |  5.2
Maces & Flails | 3 4 |  4.2
Short Blades   | 1 |  1.4

Action                   |  1- 3 |  4- 6 |  7- 9 || total
-------------------------+-------+-------+-------++-------
Melee: Flail             |   152 |   200 |    16 ||   368
Invok: Bend Time         |       |       |     1 ||     1
  Use: Potion            |       |     6 |     1 ||     7
       Scroll            |       |     1 |     8 ||     9
Armor: Scale mail        |   110 |   127 |    10 ||   247
       Skin              |       |     6 |       ||     6
Dodge: Dodged            |    62 |    66 |    10 ||   138
Block: Kite shield       |    90 |   140 |    12 ||   242

Table legend: (Time is in decaauts)
 A = Elapsed time spent in this place.
 B = Non-inter-level travel time spent in this place.
 C = Inter-level travel time spent in this place.
 D = Time resting spent in this place.
 E = Time spent auto-exploring this place.
 F = Levels seen in this place.
 G = Mean time per level.
                   A        B        C        D        E       F      G
               +--------+--------+--------+--------+--------+-----+--------+
         Total |   6950 |   6543 |    407 |    282 |   5328 |   5 | 1390.0 |
       Dungeon |   6950 |   6543 |    407 |    282 |   5328 |   5 | 1390.0 |
               +--------+--------+--------+--------+--------+-----+--------+

Top non-repeatable levels by time:
     D:5: 1941 daAuts
     D:2: 1375 daAuts
     D:1: 1290 daAuts
     D:4: 1208 daAuts
     D:3: 1134 daAuts
